[ AOE2 MATCH · #505011772 ]
UnrankedVikings vs Japanese
Player's team · WIN
Rival team · LOSS
[ REPLAY ANALYSIS · EXTRACTED FROM THE RECORDED GAME ]
Feudal
10:06
Castle
14:06
Imperial
33:22
| APM avg | 33.6 |
| APM peak | 71 |
| eAPM avg | 19.5 |
| Villagers / military | 129 / 131 |
Focus
⚔️ 22.7% · 🌾 77.3%
Archer ×76 · Spearman ×45 · Trebuchet (Packed) ×6 · Mangonel ×3 · Scorpion ×1
Feudal
10:59
Castle
22:13
Imperial
33:51
| APM avg | 39.2 |
| APM peak | 121 |
| eAPM avg | 21.9 |
| Villagers / military | 167 / 197 |
Focus
⚔️ 23.9% · 🌾 76.1%
Scout Cavalry ×94 · Knight ×92 · Trebuchet (Packed) ×6 · Militia ×4 · Samurai ×1
Match map
Initial resources + every placement click. Lines = walls · curves = elevation contours. ◆ gold · ⬟ stone · ● berries · ✦ relic · ◌ wall gap
Your base· ✓ Closed at 14:06 · 0t walls · 2 gate(s)
yaya's base· ✓ Closed at 22:13 · 0t walls · 4 gate(s)
Smoothed initial terrain · ◌ = detected wall gap · hover for details
Inputs per minute
— Choncho - - yaya
Build order — Choncho
First 150 of 377 actions detected
| 0:00 | Queue | Villager (Male) |
| 0:00 | Queue | Villager (Male) |
| 0:00 | Queue | Villager (Male) |
| 0:01 | Queue | Villager (Male) |
| 0:01 | Queue | Villager (Male) |
| 0:02 | Build | House |
| 0:04 | Build | House |
| 1:23 | Queue | Villager (Male) |
| 1:45 | Queue | Villager (Male) |
| 1:57 | Build | Lumber Camp |
| 2:31 | Queue | Villager (Male) |
| 2:31 | Queue | Villager (Male) |
| 2:50 | Queue | Villager (Male) |
| 2:50 | Queue | Villager (Male) |
| 3:17 | Queue | Villager (Male) |
| 3:17 | Queue | Villager (Male) |
| 3:38 | Queue | Villager (Male) |
| 3:38 | Queue | Villager (Male) |
| 3:39 | Queue | Villager (Male) |
| 4:06 | Build | House |
| 4:26 | Queue | Villager (Male) |
| 4:26 | Queue | Villager (Male) |
| 4:31 | Queue | Villager (Male) |
| 5:15 | Queue | Villager (Male) |
| 5:29 | Build | House |
| 5:32 | Build | Mill |
| 6:09 | Queue | Villager (Male) |
| 6:32 | Queue | Villager (Male) |
| 6:32 | Queue | Villager (Male) |
| 6:49 | Queue | Villager (Male) |
| 7:38 | Research | Feudal Age |
| 7:48 | Build | Mining Camp |
| 8:02 | Build | House |
| 9:02 | Queue | Villager (Male) |
| 9:02 | Queue | Villager (Male) |
| 9:04 | Queue | Villager (Male) |
| 9:30 | Queue | Villager (Male) |
| 10:06 | Age | Feudal Age |
| 10:11 | Build | Market |
| 10:39 | Build | Blacksmith |
| 11:18 | Build | House |
| 11:20 | Build | House |
| 11:26 | Research | Castle Age |
| 11:37 | Build | House |
| 11:42 | Build | House |
| 12:06 | Build | House |
| 12:10 | Build | House |
| 12:17 | Research | Double-Bit Axe |
| 12:17 | Research | Double-Bit Axe |
| 12:32 | Build | House |
| 13:02 | Build | Watch Tower |
| 13:20 | Build | House |
| 13:24 | Build | House |
| 14:06 | Age | Castle Age |
| 14:09 | Build | Siege Workshop |
| 14:13 | Build | House |
| 14:18 | Queue | Villager (Male) |
| 14:18 | Queue | Villager (Male) |
| 14:18 | Queue | Villager (Male) |
| 15:10 | Queue | Mangonel |
| 15:14 | Queue | Villager (Male) |
| 15:34 | Queue | Villager (Male) |
| 16:22 | Queue | Mangonel |
| 17:45 | Queue | Villager (Male) |
| 17:45 | Queue | Villager (Male) |
| 18:24 | Queue | Villager (Male) |
| 18:25 | Queue | Villager (Male) |
| 18:45 | Queue | Mangonel |
| 19:27 | Build | House |
| 19:44 | Build | Farm |
| 19:45 | Build | Farm |
| 19:56 | Build | Farm |
| 19:57 | Build | Farm |
| 20:02 | Build | Farm |
| 20:03 | Build | Farm |
| 20:04 | Build | Farm |
| 20:05 | Build | Farm |
| 20:06 | Build | Farm |
| 20:42 | Queue | Scorpion |
| 20:54 | Queue | Villager (Male) |
| 20:54 | Queue | Villager (Male) |
| 21:18 | Queue | Villager (Male) |
| 21:25 | Build | Farm |
| 21:51 | Build | House |
| 21:58 | Build | Town Center |
| 22:01 | Build | Farm |
| 22:14 | Build | Stone Wall |
| 22:17 | Queue | Villager (Male) |
| 22:17 | Queue | Villager (Male) |
| 22:19 | Build | Farm |
| 22:33 | Build | House |
| 22:34 | Build | House |
| 22:37 | Build | House |
| 22:40 | Queue | Villager (Male) |
| 22:45 | Build | Farm |
| 22:52 | Build | Mining Camp |
| 22:58 | Queue | Villager (Male) |
| 23:10 | Build | Farm |
| 23:16 | Queue | Villager (Male) |
| 23:34 | Build | Farm |
| 23:37 | Build | House |
| 23:45 | Queue | Villager (Male) |
| 23:45 | Queue | Villager (Male) |
| 23:46 | Queue | Villager (Male) |
| 23:48 | Queue | Villager (Male) |
| 24:06 | Build | House |
| 24:08 | Queue | Villager (Male) |
| 24:17 | Queue | Villager (Male) |
| 24:18 | Queue | Villager (Male) |
| 24:20 | Build | Farm |
| 24:23 | Build | Farm |
| 24:27 | Build | Farm |
| 24:28 | Research | Horse Collar |
| 24:33 | Queue | Villager (Male) |
| 24:33 | Queue | Villager (Male) |
| 24:45 | Build | Farm |
| 24:47 | Queue | Villager (Male) |
| 24:50 | Build | Farm |
| 25:09 | Queue | Villager (Male) |
| 25:11 | Research | Stone Mining |
| 25:11 | Research | Stone Mining |
| 25:31 | Queue | Villager (Male) |
| 25:32 | Queue | Villager (Male) |
| 25:34 | Queue | Villager (Male) |
| 25:45 | Build | Farm |
| 25:47 | Build | Farm |
| 25:48 | Build | Farm |
| 25:50 | Queue | Villager (Male) |
| 25:57 | Build | Outpost |
| 26:01 | Research | Town Watch |
| 26:03 | Queue | Villager (Male) |
| 26:04 | Queue | Villager (Male) |
| 26:04 | Queue | Villager (Male) |
| 26:23 | Build | Farm |
| 26:34 | Queue | Villager (Male) |
| 26:34 | Queue | Villager (Male) |
| 26:39 | Build | Outpost |
| 26:51 | Build | Outpost |
| 26:58 | Build | Town Center |
| 27:05 | Queue | Villager (Male) |
| 27:13 | Queue | Villager (Male) |
| 27:21 | Build | Outpost |
| 27:26 | Build | Outpost |
| 27:31 | Build | Farm |
| 27:54 | Build | Outpost |
| 27:58 | Queue | Villager (Male) |
| 27:58 | Queue | Villager (Male) |
| 28:00 | Build | Farm |
| 28:10 | Queue | Villager (Male) |
| 28:11 | Queue | Villager (Male) |
Build order — yaya
First 150 of 423 actions detected
| 0:03 | Queue | Villager (Male) |
| 0:03 | Queue | Villager (Male) |
| 0:03 | Queue | Villager (Male) |
| 0:03 | Queue | Villager (Male) |
| 0:03 | Queue | Villager (Male) |
| 0:06 | Build | House |
| 0:09 | Build | House |
| 1:36 | Queue | Villager (Male) |
| 1:37 | Queue | Villager (Male) |
| 2:01 | Queue | Villager (Male) |
| 2:01 | Queue | Villager (Male) |
| 2:29 | Queue | Villager (Male) |
| 2:29 | Queue | Villager (Male) |
| 2:48 | Queue | Villager (Male) |
| 2:48 | Queue | Villager (Male) |
| 2:48 | Queue | Villager (Male) |
| 3:24 | Queue | Villager (Male) |
| 3:24 | Queue | Villager (Male) |
| 3:25 | Queue | Villager (Male) |
| 3:25 | Queue | Villager (Male) |
| 3:41 | Queue | Villager (Male) |
| 3:41 | Queue | Villager (Male) |
| 3:50 | Build | House |
| 3:51 | Build | House |
| 4:11 | Queue | Villager (Male) |
| 4:11 | Queue | Villager (Male) |
| 4:32 | Build | Lumber Camp |
| 4:54 | Queue | Villager (Male) |
| 5:14 | Queue | Villager (Male) |
| 5:14 | Queue | Villager (Male) |
| 6:07 | Build | Mill |
| 6:10 | Queue | Villager (Male) |
| 6:10 | Queue | Villager (Male) |
| 6:33 | Queue | Villager (Male) |
| 6:34 | Queue | Villager (Male) |
| 6:53 | Research | Loom |
| 7:14 | Queue | Villager (Male) |
| 7:44 | Build | Mining Camp |
| 8:33 | Research | Feudal Age |
| 8:38 | Build | Mining Camp |
| 8:50 | Build | Barracks |
| 9:11 | Build | House |
| 9:12 | Build | House |
| 9:19 | Build | Lumber Camp |
| 9:21 | Queue | Militia |
| 9:21 | Queue | Militia |
| 9:21 | Queue | Militia |
| 9:21 | Queue | Militia |
| 10:20 | Queue | Villager (Male) |
| 10:59 | Age | Feudal Age |
| 11:02 | Build | Watch Tower |
| 11:04 | Build | Blacksmith |
| 11:09 | Research | Man-at-Arms (upgrade) |
| 11:09 | Research | Man-at-Arms (upgrade) |
| 11:10 | Research | Arson |
| 11:14 | Queue | Villager (Male) |
| 11:28 | Build | House |
| 11:29 | Build | House |
| 11:42 | Queue | Villager (Male) |
| 12:05 | Research | Fletching |
| 12:25 | Queue | Villager (Male) |
| 12:57 | Build | Watch Tower |
| 12:59 | Queue | Villager (Male) |
| 13:12 | Queue | Villager (Male) |
| 13:48 | Queue | Villager (Male) |
| 13:59 | Research | Double-Bit Axe |
| 14:25 | Queue | Villager (Male) |
| 14:34 | Build | Market |
| 14:40 | Queue | Villager (Male) |
| 14:56 | Build | Farm |
| 14:59 | Build | Farm |
| 15:00 | Build | Farm |
| 15:01 | Build | Farm |
| 15:04 | Queue | Villager (Male) |
| 15:32 | Build | Farm |
| 15:40 | Build | Farm |
| 15:42 | Queue | Villager (Male) |
| 16:03 | Build | Farm |
| 16:14 | Build | Watch Tower |
| 16:28 | Queue | Villager (Male) |
| 17:13 | Queue | Villager (Male) |
| 17:15 | Build | Farm |
| 17:37 | Queue | Villager (Male) |
| 17:45 | Build | Farm |
| 17:59 | Queue | Villager (Male) |
| 18:33 | Build | Farm |
| 19:24 | Queue | Villager (Male) |
| 19:28 | Build | Farm |
| 19:31 | Research | Castle Age |
| 20:06 | Build | Gate |
| 20:19 | Research | Gold Mining |
| 20:20 | Research | Stone Mining |
| 21:04 | Research | Horse Collar |
| 21:23 | Queue | Villager (Male) |
| 22:13 | Age | Castle Age |
| 22:17 | Build | Town Center |
| 22:20 | Research | Bow Saw |
| 22:24 | Build | Town Center |
| 22:28 | Research | Bodkin Arrow |
| 22:34 | Queue | Villager (Male) |
| 22:52 | Queue | Villager (Male) |
| 23:10 | Queue | Villager (Male) |
| 23:28 | Build | House |
| 23:30 | Build | House |
| 23:34 | Queue | Villager (Male) |
| 23:37 | Build | Farm |
| 23:39 | Queue | Villager (Male) |
| 23:50 | Queue | Villager (Male) |
| 23:59 | Queue | Villager (Male) |
| 24:02 | Build | Farm |
| 24:03 | Build | Farm |
| 24:04 | Build | Farm |
| 24:07 | Build | Farm |
| 24:08 | Build | Farm |
| 24:09 | Queue | Villager (Male) |
| 24:09 | Queue | Villager (Male) |
| 24:11 | Build | Farm |
| 24:14 | Queue | Villager (Male) |
| 24:48 | Queue | Villager (Male) |
| 24:49 | Queue | Villager (Male) |
| 24:49 | Queue | Villager (Male) |
| 24:54 | Build | Farm |
| 24:57 | Build | Farm |
| 25:00 | Build | Farm |
| 25:04 | Queue | Villager (Male) |
| 25:04 | Queue | Villager (Male) |
| 25:09 | Queue | Villager (Male) |
| 25:19 | Queue | Villager (Male) |
| 25:21 | Build | Farm |
| 25:24 | Queue | Villager (Male) |
| 25:26 | Queue | Villager (Male) |
| 25:32 | Build | Farm |
| 25:40 | Queue | Villager (Male) |
| 25:41 | Queue | Villager (Male) |
| 25:44 | Queue | Villager (Male) |
| 25:49 | Build | House |
| 25:50 | Build | House |
| 25:51 | Build | House |
| 26:02 | Build | Farm |
| 26:07 | Research | Wheelbarrow |
| 26:10 | Queue | Villager (Male) |
| 26:15 | Research | Town Watch |
| 26:15 | Queue | Villager (Male) |
| 26:17 | Queue | Villager (Male) |
| 26:26 | Build | Farm |
| 26:35 | Build | Castle |
| 26:40 | Queue | Villager (Male) |
| 26:48 | Build | House |
| 26:49 | Build | House |
| 26:50 | Build | House |
Match timeline
| 8:50 | yaya · first_building Barracks |
| 10:06 | Choncho · age_up feudal |
| 10:59 | yaya · age_up feudal |
| 14:03 | Choncho · first_market_buy 100 wood |
| 14:06 | Choncho · age_up castle |
| 14:09 | Choncho · first_building Siege Workshop |
| 16:44 | Choncho · first_market_sell 100 wood |
| 18:01 | yaya · first_market_buy 100 food |
| 19:31 | yaya · first_market_sell 100 wood |
| 22:13 | yaya · age_up castle |
| 22:14 | Choncho · wall_segment Stone Wall x1 |
| 26:35 | yaya · first_building Castle |
| 29:19 | Choncho · first_building Castle |
| 30:23 | Choncho · first_building Barracks |
| 31:01 | Choncho · first_building Archery Range |
| 31:04 | yaya · first_building Stable |
| 33:22 | Choncho · age_up imperial |
| 33:51 | yaya · age_up imperial |
| 45:44 | Choncho · wall_segment Stone Wall x1 |
| 46:18 | yaya · first_building Archery Range |
| 46:49 | yaya · resign |
[ AI ANALYSIS · 1 CREDIT ]
What really happened in this match?
Wolo.gg analyzes every decision: build order, eco, micro, common mistakes by bracket. Personalized analysis on WhatsApp or Discord in 30 seconds.
Civ guide
Vikings
Perfil
Jugador #14506267